[Event "VI Floripa Open 2020"]
[Site "Florianopolis"]
[Date "2020.01.20"]
[Round "1.8"]
[White "Hungaski, Robert"]
[Black "Guimaraes, Artemis Pamela"]
[Result "1-0"]
[ECO "C58"]
[WhiteElo "2488"]
[BlackElo "1980"]
[Annotator "ChessBase"]
[PlyCount "71"]
[EventDate "2020.01.20"]
[EventType "swiss"]
[EventRounds "10"]
[EventCountry "BRA"]
[SourceTitle "playchess.com"]
[Source "ChessBase"]
[SourceQuality "1"]
[TimeControl "5400+30"]

1. e4 e5 2. Nf3 Nc6 3. Bc4 Nf6 4. Ng5 d5 5. exd5 Na5 6. Bb5+ c6 7. dxc6 bxc6 8. Bd3 Nd5 9. Nf3 Nf4 10. Bf1 e4 11. d3 Nxd3+ 12. cxd3 exf3 13. Qxf3 Bb4+ 14. Nc3 O-O 15. Be3 Be6 16. Be2 Bd5 17. Qg4 Qe7 18. O-O f5 19. Nxd5 cxd5 20. Qd4 Rad8 21. Rac1 Nb7 22. Bf3 Kh8 23. Qxa7 f4 24. Bd4 Ra8 25. Qb6 Ba5 26. Qc6 Rac8 27. Qxd5 Rxc1 28. Rxc1 Qd6 29. Be5 Qxd5 30. Bxd5 Nd8 31. Rc8 Re8 32. d4 Bb6 33. h4 h6 34. b4 Re7 35. a4 Rd7 36. Bc6 1-0

[Event "VI Floripa Open 2020"]
[Site "Florianopolis"]
[Date "2020.01.20"]
[Round "1.9"]
[White "De Souza Sa, Apolo"]
[Black "Santiago, Yago De Moura"]
[Result "0-1"]
[ECO "A16"]
[WhiteElo "1976"]
[BlackElo "2486"]
[Annotator "ChessBase"]
[PlyCount "65"]
[EventDate "2020.01.20"]
[EventType "swiss"]
[EventRounds "10"]
[EventCountry "BRA"]
[SourceTitle "playchess.com"]
[Source "ChessBase"]
[SourceQuality "1"]
[TimeControl "5400+30"]

1. Nf3 Nf6 2. g3 g6 3. c4 Bg7 4. Nc3 O-O 5. Bg2 d5 6. cxd5 Nxd5 7. O-O Nb6 8. d3 Nc6 9. Be3 e5 10. Qc1 Nd4 11. Bh6 Re8 12. Bxg7 Kxg7 13. Nd2 Rb8 14. a4 Bg4 15. Re1 a5 16. Ra3 Bd7 17. e3 Nc6 18. Nde4 Nb4 19. Nc5 c6 20. N3e4 Qe7 21. Rd1 Bg4 22. f3 Bf5 23. g4 Bxe4 24. fxe4 Nd7 25. Nb3 b6 26. Nd2 Qg5 27. Nc4 Qxg4 28. Rf1 Qe6 29. Rf3 Nc5 30. Qf1 f6 31. Bh3 Qe7 32. Nd2 Red8 33. d4 0-1

[Event "VI Floripa Open 2020"]
[Site "Florianopolis"]
[Date "2020.01.20"]
[Round "1.10"]
[White "Perdomo, Leandro"]
[Black "Heinechen, John"]
[Result "1-0"]
[ECO "E81"]
[WhiteElo "2476"]
[BlackElo "1974"]
[Annotator "ChessBase"]
[PlyCount "67"]
[EventDate "2020.01.20"]
[EventType "swiss"]
[EventRounds "10"]
[EventCountry "BRA"]
[SourceTitle "playchess.com"]
[Source "ChessBase"]
[SourceQuality "1"]
[TimeControl "5400+30"]

1. d4 Nf6 2. c4 g6 3. Nc3 Bg7 4. e4 d6 5. f3 O-O 6. Be3 Na6 7. Qd2 c5 8. Nge2 cxd4 9. Nxd4 Nc5 10. b4 Ne6 11. Nb3 b6 12. Be2 Bb7 13. O-O Nd7 14. Rad1 Rc8 15. Nd5 f5 16. exf5 Rxf5 17. f4 Bxd5 18. cxd5 Bc3 19. Qd3 Ng7 20. Bd2 Bxd2 21. Qxd2 b5 22. Na5 Qb6+ 23. Kh1 Nf6 24. Bf3 h5 25. Nc6 Rxc6 26. dxc6 Ne6 27. Qe2 Nc7 28. Qxe7 d5 29. Qd8+ Kg7 30. Rde1 Ng4 31. Re7+ Rf7 32. Rxf7+ Kxf7 33. Bxd5+ Kg7 34. Qg8+ 1-0

[Event "VI Floripa Open 2020"]
[Site "Florianopolis"]
[Date "2020.01.20"]
[Round "1.11"]
[White "Portes Junior, Dirceu Atanazio"]
[Black "Rodriguez Vila, Andres"]
[Result "0-1"]
[ECO "E11"]
[WhiteElo "1969"]
[BlackElo "2469"]
[Annotator "ChessBase"]
[PlyCount "100"]
[EventDate "2020.01.20"]
[EventType "swiss"]
[EventRounds "10"]
[EventCountry "BRA"]
[SourceTitle "playchess.com"]
[Source "ChessBase"]
[SourceQuality "1"]
[TimeControl "5400+30"]

1. d4 e6 2. c4 Bb4+ 3. Bd2 Qe7 4. Nf3 Nf6 5. g3 Nc6 6. Bg2 Bxd2+ 7. Qxd2 Ne4 8. Qc2 Qb4+ 9. Nc3 Nxc3 10. Qxc3 Qxc3+ 11. bxc3 d6 12. O-O Bd7 13. Rab1 Rb8 14. Nd2 Ke7 15. Rb2 Na5 16. Rfb1 b6 17. e3 c5 18. Bf1 Rbc8 19. d5 Rc7 20. e4 g5 21. Nb3 Nb7 22. f4 Rg8 23. Kh1 gxf4 24. gxf4 e5 25. f5 Rg5 26. Bd3 f6 27. Rg1 Rxg1+ 28. Kxg1 Kf8 29. Rg2 b5 30. a3 a5 31. Rb2 b4 32. cxb4 cxb4 33. axb4 axb4 34. Nc1 Nc5 35. Rxb4 Ra7 36. Bc2 Ke7 37. Rb2 Ra3 38. Nb3 Na4 39. Rb1 Ra2 40. Rc1 Be8 41. Na5 Nc5 42. Nb3 Na4 43. Na5 Nb6 44. Nc6+ Bxc6 45. dxc6 Kd8 46. c5 dxc5 47. Bb3 Ra5 48. Bd5 Kc7 49. Rc3 c4 50. Bxc4 Rc5 0-1

[Event "VI Floripa Open 2020"]
[Site "Florianopolis"]
[Date "2020.01.20"]
[Round "1.12"]
[White "Matsuura, Everaldo"]
[Black "Goncalves, Ruan Lucas Alves"]
[Result "1-0"]
[ECO "B90"]
[WhiteElo "2433"]
[BlackElo "1966"]
[Annotator "ChessBase"]
[PlyCount "45"]
[EventDate "2020.01.20"]
[EventType "swiss"]
[EventRounds "10"]
[EventCountry "BRA"]
[SourceTitle "playchess.com"]
[Source "ChessBase"]
[SourceQuality "1"]
[TimeControl "5400+30"]

1. e4 c5 2. Nf3 d6 3. d4 cxd4 4. Nxd4 Nf6 5. Nc3 a6 6. f3 e5 7. Nb3 Be6 8. Be3 Nbd7 9. g4 b5 10. g5 Nh5 11. Qd2 Nb6 12. Nd5 Bxd5 13. exd5 Nf4 14. Bxf4 exf4 15. O-O-O Be7 16. h4 O-O 17. Nd4 Qc7 18. Nc6 Rac8 19. Bh3 f5 20. Rhe1 Rce8 21. Re6 Bd8 22. Qe2 Qf7 23. Re1 1-0

[Event "VI Floripa Open 2020"]
[Site "Florianopolis"]
[Date "2020.01.20"]
[Round "1.13"]
[White "Molina, Roberto Junio Brito"]
[Black "Maiberg, Wellington Gubiani"]
[Result "1/2-1/2"]
[ECO "B40"]
[WhiteElo "2431"]
[BlackElo "1960"]
[Annotator "ChessBase"]
[PlyCount "70"]
[EventDate "2020.01.20"]
[EventType "swiss"]
[EventRounds "10"]
[EventCountry "BRA"]
[SourceTitle "playchess.com"]
[Source "ChessBase"]
[SourceQuality "1"]
[TimeControl "5400+30"]

1. e4 c5 2. Nf3 e6 3. d4 cxd4 4. Nxd4 Nf6 5. Nc3 Bb4 6. e5 Nd5 7. Bd2 Nxc3 8. bxc3 Be7 9. Qg4 g6 10. h4 a6 11. h5 Rf8 12. hxg6 hxg6 13. Bd3 Qc7 14. f4 Nc6 15. Rh7 d6 16. Nxc6 Qxc6 17. exd6 Bxd6 18. Qe2 Qb6 19. Be3 Bc5 20. Bxc5 Qxc5 21. Qe5 Qxe5+ 22. fxe5 Bd7 23. O-O-O Bc6 24. Rf1 Rd8 25. Rf6 Rd5 26. g4 Rxe5 27. Rhxf7 Rxf7 28. Bxg6 Rg5 29. Bxf7+ Ke7 30. Rf4 e5 31. Rf2 Rxg4 32. Bb3 Rg2 33. Rf7+ Kd6 34. Rf6+ Kc5 35. Rf5 Kd6 1/2-1/2

[Event "VI Floripa Open 2020"]
[Site "Florianopolis"]
[Date "2020.01.20"]
[Round "1.14"]
[White "Araujo, Everson De Moura"]
[Black "Languidey, Simon Alejandro"]
[Result "0-1"]
[ECO "A29"]
[WhiteElo "1958"]
[BlackElo "2425"]
[Annotator "ChessBase"]
[PlyCount "59"]
[EventDate "2020.01.20"]
[EventType "swiss"]
[EventRounds "10"]
[EventCountry "BRA"]
[SourceTitle "playchess.com"]
[Source "ChessBase"]
[SourceQuality "1"]
[TimeControl "5400+30"]

1. c4 e5 2. Nc3 Nf6 3. Nf3 Nc6 4. g3 d5 5. cxd5 Nxd5 6. d3 Be7 7. Bg2 Nb6 8. O-O O-O 9. a3 Be6 10. b4 a5 11. b5 Nd4 12. Be3 f6 13. Nd2 Rb8 14. Re1 Qd7 15. Na4 Nxa4 16. Qxa4 Qxb5 17. Qxb5 Nxb5 18. Rec1 Bxa3 19. Rxa3 Nxa3 20. Bc5 Nb5 21. Bxf8 Kxf8 22. Ra1 b6 23. e3 Ke7 24. Nc4 Nd6 25. Nb2 c5 26. Bc6 Rc8 27. Bf3 c4 28. dxc4 Nxc4 29. Nd1 b5 30. Be2 0-1

[Event "VI Floripa Open 2020"]
[Site "Florianopolis"]
[Date "2020.01.20"]
[Round "1.15"]
[White "Umetsubo, Cesar Hidemitsu"]
[Black "Marques, Eudes Pinto"]
[Result "1-0"]
[ECO "A65"]
[WhiteElo "2385"]
[BlackElo "1955"]
[Annotator "ChessBase"]
[PlyCount "67"]
[EventDate "2020.01.20"]
[EventType "swiss"]
[EventRounds "10"]
[EventCountry "BRA"]
[SourceTitle "playchess.com"]
[Source "ChessBase"]
[SourceQuality "1"]
[TimeControl "5400+30"]

1. d4 Nf6 2. c4 e6 3. Nc3 c5 4. d5 exd5 5. cxd5 d6 6. e4 a6 7. f4 b5 8. e5 Qe7 9. Nf3 Nbd7 10. Qe2 dxe5 11. fxe5 Ng4 12. Bf4 g6 13. h3 Nh6 14. Ne4 Bg7 15. Bg5 f6 16. exf6 Nxf6 17. Nxf6+ Bxf6 18. Bxf6 Qxe2+ 19. Bxe2 O-O 20. Be7 Re8 21. Bxc5 Nf5 22. Kf2 Bb7 23. Rad1 Rxe2+ 24. Kxe2 Ng3+ 25. Kd3 Nxh1 26. Rxh1 Bxd5 27. b3 Rd8 28. Bd4 Be6 29. Rc1 Bf5+ 30. Ke3 Re8+ 31. Ne5 h5 32. Rc7 g5 33. Kd2 Be4 34. Nd7 1-0

[Event "VI Floripa Open 2020"]
[Site "Florianopolis"]
[Date "2020.01.20"]
[Round "1.16"]
[White "Baeta, Marcio Netto"]
[Black "Coro, Lucas"]
[Result "0-1"]
[ECO "E92"]
[WhiteElo "1953"]
[BlackElo "2366"]
[Annotator "ChessBase"]
[PlyCount "97"]
[EventDate "2020.01.20"]
[EventType "swiss"]
[EventRounds "10"]
[EventCountry "BRA"]
[SourceTitle "playchess.com"]
[Source "ChessBase"]
[SourceQuality "1"]
[TimeControl "5400+30"]

1. d4 Nf6 2. c4 g6 3. Nc3 Bg7 4. e4 d6 5. Nf3 O-O 6. Be2 e5 7. dxe5 dxe5 8. Qxd8 Rxd8 9. Bg5 Na6 10. Nd5 Rd6 11. Bxf6 Bxf6 12. O-O-O Bg4 13. h3 Bxf3 14. Nxf6+ Rxf6 15. Bxf3 Rc6 16. Be2 Nc5 17. Rd5 f6 18. f3 Ne6 19. Bf1 Rd8 20. Kd2 Rcd6 21. Ke3 Kg7 22. g3 c6 23. Rxd6 Rxd6 24. Be2 Rd4 25. Rd1 h5 26. h4 Rxd1 27. Bxd1 g5 28. b4 gxh4 29. gxh4 Nf4 30. Be2 Ng2+ 31. Kf2 Nxh4 32. f4 Kh6 33. f5 Kg5 34. Kg3 a6 35. c5 Nxf5+ 36. exf5 e4 37. Bf1 h4+ 38. Kh3 Kxf5 39. Kxh4 Kf4 40. Be2 Ke3 41. Bg4 Kf2 42. Kh5 e3 43. Kg6 e2 44. Bxe2 Kxe2 45. Kxf6 Kd3 46. Kf5 Kc4 47. a3 Kb3 48. Ke4 Kxa3 49. Kd4 0-1

[Event "VI Floripa Open 2020"]
[Site "Florianopolis"]
[Date "2020.01.20"]
[Round "1.17"]
[White "Labussiere, Victor"]
[Black "Reichert, Thiago Da Cruz"]
[Result "0-1"]
[ECO "E17"]
[WhiteElo "2363"]
[BlackElo "1948"]
[Annotator "ChessBase"]
[PlyCount "77"]
[EventDate "2020.01.20"]
[EventType "swiss"]
[EventRounds "10"]
[EventCountry "BRA"]
[SourceTitle "playchess.com"]
[Source "ChessBase"]
[SourceQuality "1"]
[TimeControl "5400+30"]

1. c4 Nf6 2. Nf3 e6 3. g3 b6 4. Bg2 Bb7 5. O-O Be7 6. d4 O-O 7. Re1 c5 8. d5 exd5 9. Nh4 Re8 10. cxd5 Bf8 11. Nc3 g6 12. e4 d6 13. f4 Nbd7 14. Nf3 b5 15. Qc2 b4 16. Nd1 Nb6 17. Nf2 Bg7 18. Be3 a5 19. Rad1 a4 20. g4 b3 21. axb3 axb3 22. Qb1 Ra2 23. Nd2 Nbd7 24. e5 dxe5 25. Nxb3 Qa8 26. Bxc5 Qa4 27. Ba3 Qxb3 28. Rd3 Rxa3 29. Rxb3 Rxb3 30. d6 Bxg2 31. Kxg2 Rbb8 32. Re2 Nd5 33. Nd3 Nc3 34. Qc2 Nxe2 35. Qc6 Nxf4+ 36. Nxf4 exf4 37. Qxd7 Red8 38. Qc6 Rxb2+ 39. Kg1 {ilegível} 0-1

[Event "VI Floripa Open 2020"]
[Site "Florianopolis"]
[Date "2020.01.20"]
[Round "1.18"]
[White "Okamura, Milton Kasuo"]
[Black "Cadilhac, Igor Tokuichi Kikuch"]
[Result "0-1"]
[ECO "E42"]
[WhiteElo "1946"]
[BlackElo "2349"]
[Annotator "ChessBase"]
[PlyCount "52"]
[EventDate "2020.01.20"]
[EventType "swiss"]
[EventRounds "10"]
[EventCountry "BRA"]
[SourceTitle "playchess.com"]
[Source "ChessBase"]
[SourceQuality "1"]
[TimeControl "5400+30"]

1. d4 Nf6 2. c4 e6 3. Nc3 Bb4 4. e3 c5 5. Nge2 cxd4 6. exd4 d5 7. a3 Be7 8. c5 a5 9. Rb1 Nc6 10. f4 b6 11. b4 axb4 12. axb4 bxc5 13. bxc5 O-O 14. g3 Ba6 15. Bg2 Qa5 16. Bd2 Qc7 17. O-O Rfb8 18. Rxb8+ Rxb8 19. Kh1 Rb4 20. Be3 Ng4 21. Bg1 Bf6 22. h3 Nh6 23. g4 Nxd4 24. g5 Nxe2 25. Nxe2 Nf5 26. gxf6 Bxe2 0-1

[Event "VI Floripa Open 2020"]
[Site "Florianopolis"]
[Date "2020.01.20"]
[Round "1.19"]
[White "Aranha Filho, Alvaro Z."]
[Black "Souza, Atahander"]
[Result "1-0"]
[ECO "A52"]
[WhiteElo "2340"]
[BlackElo "1946"]
[Annotator "ChessBase"]
[PlyCount "90"]
[EventDate "2020.01.20"]
[EventType "swiss"]
[EventRounds "10"]
[EventCountry "BRA"]
[SourceTitle "playchess.com"]
[Source "ChessBase"]
[SourceQuality "1"]
[TimeControl "5400+30"]

1. d4 Nf6 2. c4 e5 3. dxe5 Ng4 4. e3 Nxe5 5. Nh3 Be7 6. Be2 O-O 7. Nc3 Re8 8. O-O d6 9. Nf4 Nbd7 10. Nfd5 Bf8 11. e4 Ng6 12. Be3 Nc5 13. Qc2 c6 14. Nf4 Ne5 15. Rad1 Qc7 16. b3 a5 17. f3 Bd7 18. Nh5 Rad8 19. h3 Bc8 20. Qd2 f6 21. Qe1 Qf7 22. Ng3 Ng6 23. Qf2 Ne5 24. f4 Ng6 25. Bh5 f5 26. exf5 Bxf5 27. Nxf5 Qxf5 28. g4 Qc8 29. f5 Ne5 30. Bxe8 Rxe8 31. Bxc5 dxc5 32. Rfe1 b5 33. Re3 bxc4 34. Qe2 Qc7 35. Re1 Bd6 36. Ne4 Be7 37. bxc4 Bh4 38. Nf2 Bg3 39. Rxg3 Nf3+ 40. Rxf3 Rxe2 41. Rxe2 h5 42. g5 Kh7 43. f6 Qf7 44. Re7 Qxc4 45. Rxg7+ Kh8 1-0

[Event "VI Floripa Open 2020"]
[Site "Florianopolis"]
[Date "2020.01.20"]
[Round "1.20"]
[White "De Moura, Sergio Jovelino"]
[Black "Rodrigues, Edgar"]
[Result "0-1"]
[ECO "C00"]
[WhiteElo "1943"]
[BlackElo "2328"]
[Annotator "ChessBase"]
[PlyCount "116"]
[EventDate "2020.01.20"]
[EventType "swiss"]
[EventRounds "10"]
[EventCountry "BRA"]
[SourceTitle "playchess.com"]
[Source "ChessBase"]
[SourceQuality "1"]
[TimeControl "5400+30"]

1. e4 e6 2. Qe2 c5 3. Nf3 Nf6 4. d3 Be7 5. g3 d5 6. Nbd2 Nc6 7. Bg2 O-O 8. O-O dxe4 9. dxe4 e5 10. c3 Qc7 11. h3 Re8 12. Re1 Rb8 13. Nf1 h6 14. g4 Bf8 15. Ng3 b5 16. Nh4 b4 17. Qf3 Rb6 18. Nhf5 bxc3 19. bxc3 Nd8 20. Ne3 Bb7 21. Nc4 Ra6 22. Bf1 Nh7 23. Nf5 Ne6 24. Qd1 Nhg5 25. Bxg5 Nxg5 26. Bg2 g6 27. Ng3 Ne6 28. Ne3 Qe7 29. Bf1 Rd6 30. Qe2 Ng5 31. Bg2 Bg7 32. Red1 Red8 33. Rxd6 Rxd6 34. Rd1 Rxd1+ 35. Qxd1 Ne6 36. Qa4 a6 37. Qb3 Kh7 38. Qc4 Qd8 39. Bf1 Qe8 40. Nd5 Ng5 41. Bg2 Bf8 42. Ne3 Ne6 43. Bf1 Kg7 44. Nd5 Ng5 45. Bg2 Qd7 46. Ne3 Qd2 47. Nd5 Ne6 48. Qe2 Qc1+ 49. Qf1 Qb2 50. Qe2 Qb1+ 51. Kh2 Bd6 52. f3 a5 53. Nf1 Bxd5 54. exd5 Nf4 55. Qd2 a4 56. Ne3 e4 57. Nf1 e3 58. Nxe3 Ne2+ 0-1

[Event "VI Floripa Open 2020"]
[Site "Florianopolis"]
[Date "2020.01.20"]
[Round "1.22"]
[White "Pertuzatti, Daniel"]
[Black "Guimaraes, Diogo Duarte"]
[Result "0-1"]
[ECO "C31"]
[WhiteElo "1937"]
[BlackElo "2292"]
[Annotator "ChessBase"]
[PlyCount "75"]
[EventDate "2020.01.20"]
[EventType "swiss"]
[EventRounds "10"]
[EventCountry "BRA"]
[SourceTitle "playchess.com"]
[Source "ChessBase"]
[SourceQuality "1"]
[TimeControl "5400+30"]

1. e4 e5 2. f4 d5 3. Nc3 exf4 4. Nf3 dxe4 5. Nxe4 Bf5 6. d3 Bxe4 7. dxe4 Qxd1+ 8. Kxd1 Nc6 9. Bxf4 Nf6 10. Bd3 O-O-O 11. Kc1 Bc5 12. a3 Ng4 13. Re1 f6 14. h3 Nf2 15. Kd2 Rhe8 16. Kc3 Nd4 17. Bg3 Nxf3 18. gxf3 Nxh3 19. Rh1 Ng5 20. Raf1 h6 21. Bf2 Bd6 22. Be3 Be5+ 23. Kb3 Ne6 24. f4 Bd4 25. Bxd4 Rxd4 26. Kc3 Red8 27. e5 fxe5 28. Bf5 R8d6 29. fxe5 Rc6+ 30. Kb3 Kd8 31. Rhg1 g5 32. Rh1 Rf4 33. Rxf4 gxf4 34. Ka2 Ng5 35. Rd1+ Ke7 36. b4 f3 37. Kb3 f2 38. b5 0-1

[Event "VI Floripa Open 2020"]
[Site "Florianopolis"]
[Date "2020.01.20"]
[Round "1.23"]
[White "Menna Barreto, Luiz Ney"]
[Black "Bastos, Guilherme Exterhotte"]
[Result "1-0"]
[ECO "D06"]
[WhiteElo "2283"]
[BlackElo "1937"]
[Annotator "ChessBase"]
[PlyCount "51"]
[EventDate "2020.01.20"]
[EventType "swiss"]
[EventRounds "10"]
[EventCountry "BRA"]
[SourceTitle "playchess.com"]
[Source "ChessBase"]
[SourceQuality "1"]
[TimeControl "5400+30"]

1. Nf3 d5 2. d4 Bf5 3. c4 e6 4. Qb3 Nc6 5. Bf4 Bd6 6. Bxd6 Qxd6 7. e3 Qb4+ 8. Qc3 Nge7 9. a3 Qxc3+ 10. Nxc3 h6 11. cxd5 exd5 12. Bb5 O-O-O 13. O-O a6 14. Be2 Rhe8 15. b4 Na7 16. a4 Rd6 17. Rfc1 Kb8 18. h3 Nac8 19. Nd2 Bh7 20. Nb3 f5 21. b5 axb5 22. axb5 Nb6 23. Nc5 Nd7 24. Rc2 Nc8 25. Rca2 Ncb6 26. Ra7 1-0

[Event "VI Floripa Open 2020"]
[Site "Florianopolis"]
[Date "2020.01.20"]
[Round "1.24"]
[White "Silva, Marcelo dos Santos"]
[Black "Goncalves, Davi Sulzbacher"]
[Result "1/2-1/2"]
[ECO "D91"]
[WhiteElo "1936"]
[BlackElo "2282"]
[Annotator "ChessBase"]
[PlyCount "76"]
[EventDate "2020.01.20"]
[EventType "swiss"]
[EventRounds "10"]
[EventCountry "BRA"]
[SourceTitle "playchess.com"]
[Source "ChessBase"]
[SourceQuality "1"]
[TimeControl "5400+30"]

1. c4 Nf6 2. d4 g6 3. Nc3 d5 4. Nf3 Bg7 5. Bg5 Ne4 6. Bf4 Nxc3 7. bxc3 dxc4 8. Qa4+ c6 9. Qxc4 O-O 10. e4 b5 11. Qd3 Nd7 12. Be2 Bb7 13. O-O a6 14. Rfd1 c5 15. a4 c4 16. Qc2 Nb6 17. axb5 axb5 18. Be5 f6 19. Bf4 f5 20. exf5 gxf5 21. Qd2 Nd5 22. Be5 Nf6 23. Qg5 Qd7 24. Nd2 e6 25. Rxa8 Bxa8 26. Ra1 Ne4 27. Nxe4 Bxe4 28. Ra6 Ra8 29. Rxa8+ Bxa8 30. Bxg7 Qxg7 31. Qd8+ Qf8 32. Qb6 Qe8 33. Qd6 Bd5 34. Qg3+ Qg6 35. Qb8+ Kg7 36. Qe5+ Kh6 37. Bf1 Qg5 38. Qb8 Bc6 1/2-1/2

[Event "VI Floripa Open 2020"]
[Site "Florianopolis"]
[Date "2020.01.20"]
[Round "1.25"]
[White "Matsuura, Frederico"]
[Black "Herbst Neto, Eugenio"]
[Result "1-0"]
[ECO "B23"]
[WhiteElo "2272"]
[BlackElo "1930"]
[Annotator "ChessBase"]
[PlyCount "61"]
[EventDate "2020.01.20"]
[EventType "swiss"]
[EventRounds "10"]
[EventCountry "BRA"]
[SourceTitle "playchess.com"]
[Source "ChessBase"]
[SourceQuality "1"]
[TimeControl "5400+30"]

1. e4 c5 2. Nc3 Nc6 3. g3 e6 4. Bg2 Nf6 5. Nge2 d6 6. O-O Be7 7. h3 O-O 8. g4 Nd4 9. Nxd4 cxd4 10. Ne2 Qb6 11. d3 d5 12. g5 Ne8 13. exd5 exd5 14. h4 Bg4 15. Bxd5 Bh3 16. Re1 Bg4 17. f3 Be6 18. Nf4 Nc7 19. Bxe6 fxe6 20. Kg2 Rf5 21. Qe2 Bb4 22. Rf1 Raf8 23. Qe4 Bd6 24. Nh5 Re5 25. Qg4 Nd5 26. f4 Re3 27. Kg1 Qc6 28. Bxe3 Nxe3 29. Qxe6+ Kh8 30. Rf2 Qc7 31. c4 1-0

[Event "VI Floripa Open 2020"]
[Site "Florianopolis"]
[Date "2020.01.20"]
[Round "1.26"]
[White "Carvalho Jr, Celestino"]
[Black "Gazel, Frederico"]
[Result "0-1"]
[ECO "E52"]
[WhiteElo "1928"]
[BlackElo "2267"]
[Annotator "ChessBase"]
[PlyCount "34"]
[EventDate "2020.01.20"]
[EventType "swiss"]
[EventRounds "10"]
[EventCountry "BRA"]
[SourceTitle "playchess.com"]
[Source "ChessBase"]
[SourceQuality "1"]
[TimeControl "5400+30"]

1. d4 Nf6 2. c4 e6 3. Nf3 b6 4. Nc3 Bb4 5. Bd2 Bb7 6. e3 O-O 7. Bd3 d5 8. O-O Nbd7 9. Nxd5 Nxd5 10. cxd5 Bxd2 11. dxe6 Bxf3 12. Qxd2 Qg5 13. g3 fxe6 14. Rfc1 c5 15. b4 cxd4 16. Rc7 Ne5 17. Bf1 Bd5 0-1

[Event "VI Floripa Open 2020"]
[Site "Florianopolis"]
[Date "2020.01.20"]
[Round "1.27"]
[White "Viana Da Costa, Fernando"]
[Black "Souza dos Santos, Matheus Garcett"]
[Result "1-0"]
[ECO "A45"]
[WhiteElo "2265"]
[BlackElo "1927"]
[Annotator "ChessBase"]
[PlyCount "103"]
[EventDate "2020.01.20"]
[EventType "swiss"]
[EventRounds "10"]
[EventCountry "BRA"]
[SourceTitle "playchess.com"]
[Source "ChessBase"]
[SourceQuality "1"]
[TimeControl "5400+30"]

1. d4 Nf6 2. Bg5 d6 3. Bxf6 gxf6 4. g3 e5 5. Bg2 h5 6. h4 Nc6 7. e3 Bd7 8. Ne2 Bh6 9. Nbc3 Ne7 10. Qd3 Bc6 11. Bxc6+ Nxc6 12. O-O-O Qd7 13. Nd5 Bg7 14. e4 O-O-O 15. Qf3 exd4 16. Nxd4 Nxd4 17. Rxd4 f5 18. Rc4 fxe4 19. Qa3 Kb8 20. Rxc7 Qb5 21. Qb3 Qxb3 22. axb3 Bd4 23. Rf1 Rhf8 24. Rc4 Be5 25. Rxe4 f5 26. Rc4 f4 27. gxf4 Bf6 28. Nxf6 Rxf6 29. Rg1 d5 30. Rd4 Rdf8 31. Rg5 Rxf4 32. Rxf4 Rxf4 33. Rxh5 d4 34. Kd2 Rxf2+ 35. Kd3 Rf4 36. Rh7 a6 37. h5 Rh4 38. h6 Ka7 39. Kc4 Rh2 40. Kd3 Rh4 41. Rh8 Kb6 42. Kc4 Rh2 43. Kxd4 Rxc2 44. Rg8 Rh2 45. Rg6+ Kb5 46. Ke5 Rxb2 47. Kf6 Rh2 48. Kg7 a5 49. h7 Rxh7+ 50. Kxh7 a4 51. bxa4+ Kxa4 52. Rb6 1-0

[Event "VI Floripa Open 2020"]
[Site "Florianopolis"]
[Date "2020.01.20"]
[Round "1.28"]
[White "Da Silva, Juliano Roberto Nery"]
[Black "De Borba, Guilherme"]
[Result "0-1"]
[ECO "E32"]
[WhiteElo "1927"]
[BlackElo "2263"]
[Annotator "ChessBase"]
[PlyCount "86"]
[EventDate "2020.01.20"]
[EventType "swiss"]
[EventRounds "10"]
[EventCountry "BRA"]
[SourceTitle "playchess.com"]
[Source "ChessBase"]
[SourceQuality "1"]
[TimeControl "5400+30"]

1. d4 Nf6 2. c4 e6 3. Nc3 Bb4 4. Qc2 b6 5. e4 c5 6. d5 Qe7 7. Be2 exd5 8. exd5 Qe4 9. Qxe4+ Nxe4 10. Bd2 Bxc3 11. Bxc3 Nxc3 12. bxc3 O-O 13. Kd2 d6 14. Bd3 Bg4 15. h3 Bh5 16. g4 Bg6 17. a4 Nd7 18. f4 Bxd3 19. Kxd3 f5 20. g5 Rae8 21. Ne2 Re4 22. h4 Rfe8 23. Rh2 R8e7 24. Rf1 Re3+ 25. Kd2 Kf7 26. Rg1 Rf3 27. Rhg2 Ke8 28. Rh1 Kd8 29. h5 Re4 30. h6 g6 31. a5 bxa5 32. Rg3 Rxe2+ 33. Kxe2 Rxg3 34. Ra1 Rxc3 35. Rxa5 Rxc4 36. Kf3 Rd4 37. Rxa7 Rxd5 38. Ra8+ Ke7 39. Rg8 Nf8 40. Rg7+ Ke8 41. Rc7 Rd4 42. Ke3 Re4+ 43. Kf3 Rxf4+ 0-1

[Event "VI Floripa Open 2020"]
[Site "Florianopolis"]
[Date "2020.01.20"]
[Round "1.29"]
[White "Gauche, Charles"]
[Black "Azevedo, Edmundo Roberto Ramo"]
[Result "1/2-1/2"]
[ECO "B01"]
[WhiteElo "2258"]
[BlackElo "1926"]
[Annotator "ChessBase"]
[PlyCount "60"]
[EventDate "2020.01.20"]
[EventType "swiss"]
[EventRounds "10"]
[EventCountry "BRA"]
[SourceTitle "playchess.com"]
[Source "ChessBase"]
[SourceQuality "1"]
[TimeControl "5400+30"]

1. e4 d5 2. exd5 Qxd5 3. Nc3 Qd8 4. d4 c6 5. Nf3 Bg4 6. Be2 e6 7. O-O Nf6 8. Bg5 Be7 9. h3 Bh5 10. Ne5 Bxe2 11. Nxe2 O-O 12. c3 h6 13. Bh4 Ne4 14. Bxe7 Qxe7 15. Qc2 Nf6 16. Ng3 Nbd7 17. Rfe1 Rad8 18. Qb3 Nxe5 19. dxe5 Nd5 20. c4 Nf4 21. Rad1 Ng6 22. Qc3 Rxd1 23. Rxd1 Rd8 24. Rxd8+ Qxd8 25. Kh2 Qc7 26. Qd4 Qxe5 27. Qd2 a6 28. b4 b5 29. c5 Qd5 30. Qxd5 cxd5 1/2-1/2

[Event "VI Floripa Open 2020"]
[Site "Florianopolis"]
[Date "2020.01.20"]
[Round "1.30"]
[White "Moyses Sobrinho, Elias"]
[Black "Filgueiras, Nathan Felipe"]
[Result "0-1"]
[ECO "E18"]
[WhiteElo "1926"]
[BlackElo "2257"]
[Annotator "ChessBase"]
[PlyCount "88"]
[EventDate "2020.01.20"]
[EventType "swiss"]
[EventRounds "10"]
[EventCountry "BRA"]
[SourceTitle "playchess.com"]
[Source "ChessBase"]
[SourceQuality "1"]
[TimeControl "5400+30"]

1. d4 Nf6 2. c4 e6 3. Nf3 b6 4. g3 Bb7 5. Bg2 Be7 6. O-O O-O 7. Nc3 Ne4 8. Nxe4 Bxe4 9. Nd2 Bxg2 10. Kxg2 d5 11. Qb3 Nc6 12. e3 Na5 13. Qc3 dxc4 14. Kg1 Qd5 15. e4 Qb5 16. Nf3 c5 17. d5 exd5 18. exd5 Rad8 19. Rd1 Bf6 20. Qc2 h6 21. Rb1 Rfe8 22. Bf4 Qd7 23. d6 Qc6 24. Nd2 g5 25. Be3 Rxd6 26. Nxc4 Nxc4 27. Qxc4 Rxd1+ 28. Rxd1 Qf3 29. Re1 Bd4 30. Qc1 Bxe3 31. Rxe3 Rxe3 32. fxe3 Qd5 33. a3 Qd3 34. Qe1 Qc2 35. Qa1 Qd2 36. a4 Qxe3+ 37. Kg2 Qe2+ 38. Kg1 Qe4 39. a5 b5 40. a6 Qa4 41. Qe1 Qxa6 42. Qe8+ Kg7 43. Qe5+ Qf6 44. Qxc5 Qb6 0-1